 Dungeon Crawl Stone Soup version 0.29.0-4-gdea44cf6ec (webtiles) character file.

Game seed: 6256488930201106382

48 gelatine the Magician (level 3, -4/24 HPs)
             Began as a Demonspawn Hedge Wizard on Aug 27, 2022.
             Slain by a gnoll
             ... wielding a +0 whip
              (6 damage)
             ... on level 2 of the Dungeon.
             The game lasted 00:04:58 (1816 turns).

gelatine the Magician (Demonspawn Hedge Wizard)     Turns: 1816, Time: 00:04:59

Health: -4/24      AC:  2    Str: 10    XL:     3   Next: 50%
Magic:  1/8        EV: 12    Int: 17    God:
Gold:   73         SH:  0    Dex: 12    Spells: 6/9 levels left

rFire   . . .      SeeInvis .   h - +1 whip (elec)
rCold   . . .      Faith    .   (no shield)
rNeg    . . .      Spirit   .   b - +0 robe
rPois   .          Reflect  .   c - +0 hat
rElec   .          Harm     .   (no cloak)
rCorr   .          Rampage  .   (no gloves)
Will    .....                   (no boots)
Stlth   ++........              (no amulet)
HPRegen 0.08/turn               (no ring)
MPRegen 0.11/turn               (no ring)

@: very slightly contaminated
A: demonic magic 1
a: no special abilities


You were on level 2 of the Dungeon.
You visited 1 branch of the dungeon, and saw 2 of its levels.

You collected 73 gold pieces.

Inventory:

Hand Weapons
 a - a +0 dagger
 h - a +1 whip of electrocution (weapon)
Missiles
 i - 6 datura-tipped darts
 k - 8 poisoned darts
Armour
 b - a +0 robe (worn)
 c - a +0 hat (worn)
Scrolls
 e - 2 scrolls of identify {unknown}
 f - a scroll of teleportation {unknown}
 g - 2 scrolls of magic mapping {unknown}
 l - a scroll of blinking {unknown}
 m - a scroll of fear {unknown}
Potions
 j - 2 potions of cancellation {unknown}
 n - a potion of attraction {unknown}


   Skills:
 + Level 0.2 Fighting
 + Level 0.1 Maces & Flails
 + Level 2.2 Dodging
 + Level 2.0 Stealth
 + Level 3.8 Spellcasting
 + Level 1.1 Conjurations
 + Level 1.0 Summonings
 + Level 1.1 Translocations


You had 6 spell levels left.
You knew the following spells:

 Your Spells              Type           Power      Damage    Failure   Level
a - Magic Dart            Conj           28%        1d4       11%         1
b - Blink                 Tloc           14%        N/A       16%         2

Your spell library contained the following spells:

 Spells                   Type           Power      Damage    Failure   Level
 Slow                     Hex            12%        N/A       16%         1
 Call Imp                 Summ           6%         N/A       16%         2
 Conjure Flame            Conj/Fire      5%         6-21      36%         3
 Mephitic Cloud           Conj/Pois/Air  4%         N/A       38%         3


Dungeon Overview and Level Annotations

Branches:
Dungeon (2/15)

Altars:


Innate Abilities, Weirdness & Mutations

Spells you cast may paralyse adjacent enemies.


Message History

Press: ? - help, Shift-Dir - straight line, f/p - gnoll
Aim: a gnoll, wielding a +0 whip (moderately wounded, 100% to hit)
The magic dart hits the gnoll.
The gnoll is heavily wounded.
Malevolent energies surge around you.
Casting: Magic Dart (safe; 11% risk of failure)
Confirm with . or Enter, or press ? or * to list all spells.
Aiming: Magic Dart (safe; 11% risk of failure)
Press: ? - help, Shift-Dir - straight line, f/p - gnoll
Aim: a gnoll, wielding a +0 whip (heavily wounded, 100% to hit)
You miscast Magic Dart.
You are very lightly contaminated with residual magic.
Nothing appears to happen.
Casting: Magic Dart (safe; 11% risk of failure)
Confirm with . or Enter, or press ? or * to list all spells.
Aiming: Magic Dart (safe; 11% risk of failure)
Press: ? - help, Shift-Dir - straight line, f/p - gnoll
Aim: a gnoll, wielding a +0 whip (heavily wounded, 100% to hit)
You miscast Magic Dart.
Nothing appears to happen.
You barely miss the gnoll.
The gnoll is heavily wounded.
The gnoll hits you with a +0 whip!
* * * LOW HITPOINT WARNING * * *
Casting: Magic Dart (safe; 11% risk of failure)
Confirm with . or Enter, or press ? or * to list all spells.
Aiming: Magic Dart (safe; 11% risk of failure)
Press: ? - help, Shift-Dir - straight line, f/p - gnoll
Aim: a gnoll, wielding a +0 whip (heavily wounded, 100% to hit)
The magic dart hits the gnoll.
The gnoll is heavily wounded.
Malevolent energies surge around you.
The gnoll suddenly stops moving!
The helpless gnoll fails to defend itself.
You hit the gnoll but do no damage.
The gnoll is heavily wounded.
A gnoll comes into view. It is wielding a +0 whip.
The helpless gnoll fails to defend itself.
You hit the gnoll.
The gnoll is almost dead.
The gnoll is no longer paralysed.
The gnoll hits you with a +0 whip.
You die...

#.##.##.########.#
#.##.##.# #.#
#.##.##.# #.#
#.#.....# #.#
#.############ #.#
#.##.#..........#
#.########
#....#'########.#
#........#
#.###.........#.#
#######.##
...............#@#
#...#
...###.........#g#
#.### .
#.....(...#.# #.#
#.........#.# #.#
#.........#.# #<#
###########.# ###
#g# #.# #.#


You could see 2 gnolls.

Vanquished Creatures
  2 gnolls (D:2)
  3 ball pythons
  2 endoplasms (D:1)
  2 giant cockroaches (D:1)
  A goblin (D:1)
  4 hobgoblins (D:1)
  4 quokkas
  A bat (D:1)
  3 frilled lizards (D:1)
  3 kobolds
  2 rats (D:1)
27 creatures vanquished.

Notes
Turn   | Place    | Note
-------+----------+-------------------------------------------
     0 | D:1      | gelatine the Demonspawn Hedge Wizard began the quest for
                  | the Orb.
     0 | D:1      | Reached XP level 1. HP: 13/13 MP: 4/4
   393 | D:1      | Gained mutation: Spells you cast may paralyse adjacent
                  | enemies. [demonic ancestry]
   393 | D:1      | Reached XP level 2. HP: 18/19 MP: 0/6
  1019 | D:1      | Learned a level 2 spell: Blink
  1503 | D:2      | Reached skill level 1 in Translocations
  1654 | D:2      | Reached XP level 3. HP: 24/24 MP: 1/8
  1816 | D:2      | Slain by a gnoll

Illustrated notes

Levels and vault maps discovered:
D:1:      dpeg_arrival_shelter, layout_rooms, due_unseen_surprise
D:2:      layout_basic

Skill      XL: |  1  2  3 |
---------------+----------+-----
Dodging        | 2 |  2.2
Translocations | 1 |  1.1
Stealth        | 2 |  2.0
Fighting       | |  0.2
Maces & Flails | |  0.1
Spellcasting   | |  3.8
Conjurations   | |  1.1
Summonings     | |  1.0

Action                   || total
-------------------------++-------
Melee: Whip              ||    31
 Cast: Magic Dart        ||    63
       Blink             ||    14
  Use: Potion            ||     1
 Stab: Paralysed         ||     7
Armor: Robe              ||     2
Dodge: Dodged            ||    14
